 Dungeon Crawl Stone Soup version 0.26-a0-639-g72c4674329 (webtiles) character file.

Game seed: 1529610163797220256

739 Flugslaktarn the Chopper (level 7, -14/67 HPs)
             Began as a Deep Dwarf Fighter on Sept 24, 2020.
             Demolished by an ogre
             ... wielding a +0 giant spiked club
              (15 damage)
             ... on level 4 of the Dungeon.
             The game lasted 00:00:43 (601 turns).

Flugslaktarn the Chopper (Deep Dwarf Fighter)        Turns: 601, Time: 00:00:43

Health: -14/67     AC:  7    Str: 21    XL:     7   Next: 46%
Magic:  4/4        EV:  7    Int:  9    God:
Gold:   94         SH: 10    Dex: 12    Spells: 6/6 levels left

rFire    . . .     SeeInvis .   a - +0 war axe
rCold    . . .     Faith    .   c - +0 kite shield
rNeg     . . .     Spirit   .   b - +0 scale mail
rPois    .         Reflect  .   (no helmet)
rElec    .         Harm     .   (no cloak)
rCorr    .         Rampage  .   (no gloves)
MR       +....                  (no boots)
Stlth    ..........             (no amulet)
HPRegen  0.00/turn              (no ring)
MPRegen  0.09/turn              (no ring)

@: non-regenerating
A: damage resistance, heal wounds, sense surroundings 1, no regeneration
a: Heal Wounds


You were on level 4 of the Dungeon.
You visited 1 branch of the dungeon, and saw 4 of its levels.

You collected 94 gold pieces.

Inventory:

Hand Weapons
 a - a +0 war axe (weapon)
Armour
 b - a +0 scale mail (worn)
 c - a +0 kite shield (worn)
Jewellery
 h - a cursed -4 ring of protection {unknown}
   (You found it on level 2 of the Dungeon)
 j - a cursed ring of teleportation {unknown}
   (You found it on level 2 of the Dungeon)
Scrolls
 e - 2 scrolls of remove curse {unknown}
 f - a scroll of enchant weapon {unknown}
 g - a scroll of immolation {unknown}
 i - a scroll of identify {unknown}
Potions
 d - a potion of might
 k - 2 potions of stabbing {unknown}
 l - a potion of mutation {unknown}


   Skills:
 * Level 5.1 Fighting
 * Level 5.6 Axes
 + Level 4.9 Armour
 + Level 4.9 Shields


You had 6 spell levels left.
You didn't know any spells.
Your spell library was empty.

Dungeon Overview and Level Annotations

Branches:
Dungeon (4/15)
 Temple: D:4-7

Altars:


Innate Abilities, Weirdness & Mutations

You are resistant to damage.
You can heal yourself by infusing magical energy.
You passively map a small area around you.
You do not regenerate.


Message History

The ogre is heavily wounded.
You block the ogre's attack.
You barely miss the ogre.
The ogre is heavily wounded.
You hit the ogre.
The ogre is heavily wounded.
You block the ogre's attack. You block the worker ant's attack.
You fail to use your ability.
The ogre hits you with a +0 giant spiked club!!
* * * LOW HITPOINT WARNING * * *
The worker ant bites you.
You barely miss the ogre.
The ogre is heavily wounded.
You hit the worker ant. The worker ant barely misses you.
You block the ogre's attack.
You barely miss the ogre.
The ogre is heavily wounded.
You barely miss the worker ant. You block the worker ant's attack.
The ogre hits you with a +0 giant spiked club!
You die...

, #.#######
###.......# ,
#.........# *,
#.#######.# #.# #.#
#.# #.# , , , #.# #.#
** #.#######O# , *
#)##.....@# *
##.##.####a# * *
,##...#.# #.# *, * ,
.#......## #.# ,
#.........###.###### ,
,
###..................,
##..[.......######. ,
###.######## ** * #.#


You could see an ogre and a worker ant.

Vanquished Creatures
  Pikel (D:4)
  Edmund (D:4)
  A bullfrog zombie (D:4)
  A bullfrog skeleton (D:4)
  Natasha (twice) (D:2)
  A hound skeleton (D:4)
  An adder (D:2)
  3 gnolls (D:2)
  A worm (D:2)
  3 bats
  2 giant cockroaches
  2 goblins
  5 hobgoblins
  4 jackals (D:4)
  2 quokkas
  4 frilled lizards
  5 kobolds
  3 rats
42 creatures vanquished.

Notes
Turn   | Place    | Note
-------+----------+-------------------------------------------
     0 | D:1      | Flugslaktarn the Deep Dwarf Fighter began the quest for the
                  | Orb.
     0 | D:1      | Reached XP level 1. HP: 20/20 MP: 1/1
   161 | D:2      | Reached XP level 2. HP: 28/28 MP: 1/1
   167 | D:2      | Reached XP level 3. HP: 20/34 MP: 2/2
   330 | D:2      | Noticed Natasha
   334 | D:2      | Killed Natasha
   334 | D:2      | Reached XP level 4. HP: 26/42 MP: 2/2
   362 | D:2      | Noticed Natasha
   370 | D:2      | Killed Natasha
   475 | D:4      | Reached XP level 5. HP: 45/50 MP: 2/2
   481 | D:4      | Noticed Edmund
   507 | D:4      | Killed Edmund
   507 | D:4      | Reached XP level 6. HP: 25/57 MP: 3/3
   549 | D:4      | Noticed Pikel
   569 | D:4      | Killed Pikel
   569 | D:4      | Reached skill level 5 in Fighting
   569 | D:4      | Reached skill level 5 in Axes
   569 | D:4      | Reached XP level 7. HP: 37/67 MP: 4/4
   599 | D:4      | HP: 1/67 [ogre/+0 giant spiked club (28)]
   601 | D:4      | Demolished by an ogre

Illustrated notes

Levels and vault maps discovered:
D:1:      giann_horns, layout_basic
D:2:      minmay_angry_zag, layout_loops_ring, minmay_vboxes, uniq_natasha,
          uniq_sigmund
D:3:      layout_basic
D:4:      lemuel_castle_with_subvaults [lemuel_castle_interior_carwin_1],
          layout_loops_ring, chequers_serial_rivers_small_b, uniq_pikel,
          uniq_edmund

Skill      XL: |  1  2  3  4  5  6 |
---------------+-------------------+-----
Fighting       | 3 4 5 |  5.1
Axes           | 3 4 5 |  5.6
Armour         | 4 |  4.9
Shields        | 4 |  4.9

Action                   |  1- 3 |  4- 6 |  7- 9 || total
-------------------------+-------+-------+-------++-------
Melee: War axe           |    97 |    78 |    17 ||   192
 Abil: Heal Wounds       |     3 |     2 |       ||     5
Armor: Scale mail        |    57 |    21 |     5 ||    83
Dodge: Dodged            |    39 |    32 |     2 ||    73
Block: Kite shield       |    69 |    38 |    12 ||   119

Table legend: (Time is in decaauts)
 A = Elapsed time spent in this place.
 B = Non-inter-level travel time spent in this place.
 C = Inter-level travel time spent in this place.
 D = Time resting spent in this place.
 E = Time spent auto-exploring this place.
 F = Levels seen in this place.
 G = Mean time per level.
                   A        B        C        D        E       F      G
               +--------+--------+--------+--------+--------+-----+--------+
         Total |    684 |    642 |     42 |      0 |    255 |   4 |  171.0 |
       Dungeon |    684 |    642 |     42 |      0 |    255 |   4 |  171.0 |
               +--------+--------+--------+--------+--------+-----+--------+

Top non-repeatable levels by time:
     D:2: 327 daAuts
     D:4: 161 daAuts
     D:1: 115 daAuts
     D:3: 79 daAuts
